 Dungeon Crawl Stone Soup version 0.19-a0-1654-g9d3f708 (webtiles) character file.

149 st0uf the Grave Robber (level 5, -3/29 HPs)
             Began as a Deep Elf Necromancer on Sept 20, 2016.
             Slain by an ogre
             ... wielding a cursed -1 giant club
              (10 damage)
             ... on level 4 of the Dungeon.
             The game lasted 00:14:32 (2957 turns).

st0uf the Grave Robber (Deep Elf Necromancer)       Turns: 2957, Time: 00:14:33

Health: -3/29      AC:  4    Str:  5    XL:     5   Next: 9%
Magic:  8/14       EV: 14    Int: 21    God:
Gold:   160        SH:  0    Dex: 15    Spells: 4 memorised, 2 levels left

rFire  . . .     SeeInvis .     (no weapon)
rCold  . . .     Gourm    .     a - +0 robe
rNeg   . . .     Faith    .     (no shield)
rPois  .         Spirit   .     q - +0 helmet (curse)
rElec  .         Dismiss  .     (no cloak)
rCorr  .         Reflect  .     (no gloves)
MR     .....     Harm     .     n - +0 pair of boots (curse)
Stlth  ++........               (no amulet)
                                (no ring)
                                (no ring)

@: no status effects
A: no striking features
a: no special abilities


You were on level 4 of the Dungeon.
You were not hungry.

You visited 1 branch of the dungeon, and saw 4 of its levels.

You collected 160 gold pieces.

Inventory:

Armour
 a - a +0 robe (worn)
 n - a cursed +0 pair of boots (worn)
 q - a cursed +0 helmet (worn)
 u - a +2 buckler of positive energy
Scrolls
 e - a scroll of teleportation {unknown}
 g - 5 scrolls of identify {unknown}
 h - a scroll of amnesia {unknown}
 p - a scroll of enchant weapon {unknown}
 r - a scroll of random uselessness {unknown}
 t - a scroll of remove curse {unknown}
Potions
 d - 5 potions of curing {unknown}
 f - a potion of magic {unknown}
 i - a potion of berserk rage {unknown}
 j - a potion of flight {unknown}
 k - a potion of ambrosia {unknown}
 o - 2 potions of haste {unknown}
Books
 b - a book of Necromancy

   Spells                             Type                      Level
   a - Pain                           Necromancy                   1
   b - Animate Skeleton               Necromancy                   1
   c - Vampiric Draining              Necromancy                   3
   d - Regeneration                   Charms/Necromancy            3
   e - Animate Dead                   Necromancy                   4
   f - Control Undead                 Necromancy                   4
Comestibles
 c - a bread ration
 l - a royal jelly
 m - 5 chunks of flesh
 s - a beef jerky


   Skills:
 + Level 1.0 Fighting
 + Level 3.4 Dodging
 - Level 2.4 Stealth
 + Level 0.0 Shields
 * Level 4.7 Spellcasting
 * Level 2.4 Charms
 * Level 5.6 Necromancy


You had 2 spell levels left.
You knew the following spells:

 Your Spells              Type           Power        Failure   Level  Hunger
a - Pain                  Necr           ####         1%          1    None
b - Vampiric Draining     Necr           ####......   3%          3    ##.....
c - Regeneration          Chrm/Necr      ###.......   10%         3    ##.....
d - Control Undead        Necr           ####......   14%         4    ####...


Dungeon Overview and Level Annotations

Branches:
Dungeon (4/15)
 Temple: D:4-7

Altars:
Cheibriados
Ru

Annotations:
D:3 Purgy


Message History

Casting: Pain
Confirm with . or Enter, or press ? or * to list all spells.
Aiming: Pain
Press: ? - help, Shift-Dir - straight line, f/p - ogre
Aim: an ogre, wielding a giant club (heavily wounded, chance to defeat MR: 84%)
The ogre writhes in agony!
The ogre hits you with a giant club!
Ouch! That really hurt!
Casting: Pain
Confirm with . or Enter, or press ? or * to list all spells.
Aiming: Pain
Press: ? - help, Shift-Dir - straight line, f/p - ogre
Aim: an ogre, wielding a giant club (heavily wounded, chance to defeat MR: 84%)
The ogre barely resists.
Casting: Pain
Confirm with . or Enter, or press ? or * to list all spells.
Aiming: Pain
Press: ? - help, Shift-Dir - straight line, f/p - ogre
Aim: an ogre, wielding a giant club (heavily wounded, chance to defeat MR: 84%)
The ogre writhes in agony!
The ogre hits you with a giant club!
You die...

#.# #.# #.# ## #.# .#
#######.######.##. .+
.....a...........>
.############.# .....
.##...........####...#
.##.....#####...@O...+
............#.####...#
###....####.#.# ..# #
#....# #.# ## # #....#
#.# #####+## #.#
....#.# #.#
....#.##### ...
...........#


You could see an ogre.

Vanquished Creatures
  A hound (D:4)
  A gnoll (D:1)
  2 adders
  2 worms (D:3)
  4 dart slugs
  3 leopard geckos
  5 orcs (D:3)
  5 bats
  6 giant cockroaches
  8 goblins
  4 hobgoblins
  2 jackals (D:1)
  8 kobolds
  2 quokkas
  8 frilled lizards
  A leopard gecko skeleton (D:3)
  9 rats
71 creatures vanquished.

Notes
Turn   | Place    | Note
-------+----------+-------------------------------------------
     0 | D:1      | st0uf the Deep Elf Necromancer began the quest for the Orb.
     0 | D:1      | Reached XP level 1. HP: 10/10 MP: 6/6
   349 | D:1      | Reached XP level 2. HP: 13/15 MP: 4/8
   463 | D:1      | Reached skill level 5 in Necromancy
   586 | D:1      | Reached XP level 3. HP: 13/20 MP: 5/10
  1463 | D:2      | Learned a level 3 spell: Vampiric Draining
  1467 | D:2      | Learned a level 3 spell: Regeneration
  1776 | D:2      | Reached XP level 4. HP: 7/24 MP: 6/12
  1780 | D:2      | Reached skill level 1 in Charms
  2085 | D:3      | Found a sacrificial altar of Ru.
  2158 | D:3      | Learned a level 4 spell: Control Undead
  2331 | D:3      | Noticed Purgy
  2527 | D:3      | Found a snail-covered altar of Cheibriados.
  2918 | D:4      | Reached skill level 1 in Fighting
  2918 | D:4      | Reached XP level 5. HP: 26/29 MP: 9/14
  2949 | D:4      | Noticed an ogre
  2957 | D:4      | Slain by an ogre

Vault maps used:
D:1:      lightli_arrival_farm
D:2:      minmay_diamond_boxcup, kennysheep_decorative_pillar
D:3:      overflow_temple_1_default, cheibriados_altar_1, minitemple,
          minivault_11, minivault_25, uniq_purgy

Skill      XL: |  1  2  3  4 |
---------------+-------------+-----
Necromancy     | 5 |  5.6
Dodging        | 3 |  3.4
Spellcasting   | 4 |  4.7
Charms         | 2 |  2.4
Fighting       | 1 |  1.0
Stealth        | |  2.4

Action                   |  1- 3 |  4- 6 || total
-------------------------+-------+-------++-------
Melee: Unarmed           |     1 |     1 ||     2
 Cast: Pain              |    65 |    57 ||   122
       Regeneration      |     2 |     3 ||     5
       Control Undead    |       |     1 ||     1
  Eat: Chunk             |     3 |     4 ||     7
Armor: Robe              |     2 |     4 ||     6
Dodge: Dodged            |     5 |     4 ||     9
